 Dungeon Crawl Stone Soup version 0.16-a0-1167-g3157814 (webtiles) character file.

20920 Kashira the Cleaver (level 12, -6/100 HPs)
             Began as a Vine Stalker Berserker on Oct 8, 2014.
             Was a High Priest of Trog.
             Mangled by Snorg (8 damage)
             ... on level 4 of the Lair of Beasts.
             The game lasted 00:40:26 (12246 turns).

Kashira the Cleaver (Vine Stalker Berserker)       Turns: 12246, Time: 00:40:26

Health: -6/100     AC: 13    Str: 30    XL:     12   Next: 84%
Magic:  0/16       EV:  9    Int: 10    God:    Trog [*****.]
Gold:   745        SH:  0    Dex: 14    Spells: 0 memorised, 11 levels left

rFire  . . .     SeeInvis .     f - +4 battleaxe (venom)
rCold  . . .     Clarity  .     O - +0 chain mail
rNeg   . . .     SustAb   .     (no shield)
rPois  +         Gourm    .     Y - +2 hat {Int+3}
rElec  .         Spirit   +     (no cloak)
rCorr  .         Warding  .     n - +0 pair of gloves
rMut   +         Stasis   .     (no boots)
MR     +....                    g - amulet of resist mutation
Stlth  ..........               X - ring of stealth
                                k - ring of poison resistance

@: berserking, very quick, somewhat resistant to hostile enchantments, extremely
unstealthy
A: fangs 3, regeneration 3, magic shield, antimagic bite, no device heal 3, rot
immunity
a: Burn Spellbooks, Berserk, Trog's Hand, Brothers in Arms, Renounce Religion


You were on level 4 of the Lair of Beasts.
You worshipped Trog.
Trog was extremely pleased with you.
You were not hungry.

You visited 2 branches of the dungeon, and saw 14 of its levels.
You also visited: Ossuary.

You collected 877 gold pieces.
You spent 132 gold pieces at shops.

Inventory:

Hand weapons
 f - a +4 battleaxe of venom (weapon)
 v - a +2 battleaxe of freezing
 y - a +1 hand axe of electrocution
Missiles
 b - 2 throwing nets
 m - 3 javelins (quivered)
 N - 3 steel javelins
Armour
 n - a +0 pair of gloves (worn)
 O - a +0 chain mail (worn)
 Y - a +2 hat of intelligence (worn)
Magical devices
 a - a wand of draining (7)
 p - a wand of fire (8)
 z - a wand of cold (5)
 J - a wand of enslavement (8)
 K - a wand of cold (7)
 W - a wand of hasting (5)
Comestibles
 c - 7 bread rations
 w - 3 slices of pizza
 I - 15 fruits
Scrolls
 h - 5 scrolls of remove curse
 j - 2 scrolls of noise {unknown}
 o - 4 scrolls of amnesia {unknown}
 s - 2 scrolls of identify
 t - 5 scrolls of enchant armour
 u - 3 scrolls of brand weapon {unknown}
 x - a scroll of blinking
 A - 3 scrolls of teleportation
 F - 2 scrolls of magic mapping
 G - 2 scrolls of fog
Jewellery
 g - an amulet of resist mutation (around neck)
 k - a ring of poison resistance (left hand)
 P - an uncursed ring of protection from cold
 X - a ring of stealth (right hand)
Potions
 d - a potion of porridge
 e - a potion of might
 i - 9 potions of restore abilities
 l - 2 potions of magic
 q - a potion of cure mutation {unknown}
 r - 4 potions of haste
 E - 4 potions of agility
Miscellaneous
 B - a sack of spiders


   Skills:
 - Level 9.5 Fighting
 - Level 13.7 Axes
 - Level 1.0 Throwing
 - Level 7.1 Armour
 - Level 5.9 Dodging


You had 11 spell levels left.
You didn't know any spells.

Dungeon Overview and Level Annotations

Branches:
Dungeon (10/15)            Temple (0/1) D:4             Orc (0/4) D:10
   Lair (4/8) D:10         Spider (0/5) Lair:4
  Swamp: Lair:3-6    Shoals: Lair:3-6

Altars:
Cheibriados
Fedhas
Gozag
Makhleb
Nemelex Xobeh
Okawaru
Ru
Xom
Yredelemnul
The Shining One
Beogh

Shops:
D:9 *

Annotations:
D:2 Sigmund
Lair:4 Snorg


Innate Abilities, Weirdness & Mutations

You have razor-sharp teeth.
You regenerate.
When hurt, damage is shared between your health and your magic reserves.
Your bite disrupts and absorbs the magic of your enemies.
Potions and wands cannot restore your health.
You are immune to rotting.


Message History

Snorg bites you!!
* * * LOW HITPOINT WARNING * * *
Snorg claws you but does no damage. Snorg misses you.
You are too injured to fight recklessly!
You slice Snorg!! Your bite misses Snorg.
Snorg is severely wounded.
Snorg bites you but does no damage. Snorg claws you but does no damage.
Snorg claws you.
* * * LOW HITPOINT WARNING * * *
You slice Snorg!! Your bite misses Snorg.
Snorg is almost dead.
Snorg bites you!
* * * LOW HITPOINT WARNING * * *
Snorg claws you but does no damage. x2
Your chain mail prevents you from hitting Snorg.
Snorg is almost dead.
Snorg bites you!
* * * LOW HITPOINT WARNING * * *
Snorg claws you!
You die...

##PPP..........##
##...PP..........#
#................#
#P...............#
#..............##
#...<...........#
#..............(.##
.................#.#
...............@.###
..............T....#
..................#
......[..........#
...............##
...........##
........ ....... ...


You could see Snorg (berserk).

Vanquished Creatures
  Gastronok (D:9)
  An unseen horror (D:10)
  A phantasmal warrior (D:10)
  An elephant (Lair:4)
  Joseph (D:10)
  10 spiny frogs
  2 komodo dragons
  A fire drake (Lair:3)
  A basilisk (Lair:1)
  5 blink frogs (Lair:2)
  A wyvern (Lair:2)
  21 yaks
  A hill giant zombie (D:9)
  A wraith (D:10)
  2 hippogriffs
  4 water moccasins
  8 porcupines
  12 wolves
  3 ice beasts
  8 spiders (Lair:4)
  3 black bears
  5 ogres
  5 phantoms
  4 orc warriors
  A yellow wasp (D:8)
  2 sky beasts (D:5)
  4 crocodiles
  2 elf zombies (Ossuary)
  8 giant frogs
  Blork the orc (D:5)
  3 scorpions
  A hippogriff zombie (D:9)
  3 quasits
  4 wights (D:6)
  4 goliath beetles
  2 centaur zombies (Ossuary)
  2 jellies
  6 crimson imps
  7 orc priests
  2 human zombies (Ossuary)
  6 hounds
  4 worker ants
  11 orange rats (Lair:3)
  12 iguanas
  5 orc wizards
  A basilisk skeleton (D:10)
  A sheep (D:10)
  An ogre zombie (D:6)
  3 mummies
  56 green rats
  A worker ant zombie (D:8)
  11 adders
  2 shadow imps (D:6)
  A white imp (D:5)
  3 worms
  A giant mite (D:5)
  3 adder zombies
  8 giant geckos
  4 oozes
  40 orcs
  3 ball pythons
  3 giant cockroaches
  10 hobgoblins
  15 kobolds
  9 quokkas
  A ball python skeleton (D:2)
  16 bats
  4 giant newts
  A giant spore (D:10)
  13 goblins
  14 hobgoblin zombies
  12 jackals
  A jackal zombie (Ossuary)
  2 kobold skeletons
  4 kobold zombies (Ossuary)
  10 orc zombies (Ossuary)
  24 rats
  2 rat zombies (Ossuary)
  14 ballistomycetes
  A fungus (Lair:2)
487 creatures vanquished.

Vanquished Creatures (collateral kills)
  An elephant (D:10)
  A black mamba (Lair:4)
  A boulder beetle (Lair:4)
  A gnoll sergeant (D:10)
  5 gnolls (D:10)
  A green rat (D:9)
10 creatures vanquished.

Vanquished Creatures (others)
  An ogre (Lair:2)
  A centaur (D:5)
  A goliath beetle (D:5)
  A hound (D:5)
  A worker ant (D:5)
  An orc (D:5)
  A goblin (D:5)
  3 hobgoblins (D:5)
  A giant spore (D:8)
  A fungus (Lair:2)
12 creatures vanquished.

Grand Total: 509 creatures vanquished

Notes
Turn   | Place    | Note
--------------------------------------------------------------
     0 | D:1      | Kashira, the Vine Stalker Berserker, began the quest for the Orb.
     0 | D:1      | Reached XP level 1. HP: 11/11 MP: 1/1
     0 | D:1      | Noticed an electric eel
   129 | D:1      | Reached skill level 3 in Fighting
   169 | D:1      | Reached XP level 2. HP: 13/16 MP: 3/3
   383 | D:1      | Acquired Trog's second power
   560 | D:2      | Reached XP level 3. HP: 16/20 MP: 4/4
  1062 | D:2      | Noticed Sigmund
  1315 | D:3      | Found a basalt altar of Yredelemnul.
  1316 | D:3      | Found an iron altar of Okawaru.
  1467 | D:3      | Reached XP level 4. HP: 18/24 MP: 5/5
  1555 | D:3      | Reached skill level 4 in Axes
  1861 | D:4      | Reached XP level 5. HP: 10/29 MP: 4/7
  1989 | D:4      | Noticed an ogre
  2001 | D:4      | Killed an ogre
  2001 | D:4      | Reached skill level 5 in Axes
  2001 | D:4      | Gained mutation: You heal very quickly. [vine stalker growth]
  2001 | D:4      | Reached XP level 6. HP: 30/33 MP: 8/8
  2119 | D:4      | Found a staircase to the Ecumenical Temple.
  2347 | D:4      | Reached XP level 7. HP: 34/38 MP: 7/9
  2384 | D:4      | Noticed an ogre
  2395 | D:4      | Killed an ogre
  2395 | D:4      | Reached skill level 6 in Axes
  2517 | D:4      | Noticed a phantom
  2566 | D:4      | Killed a phantom
  2566 | D:4      | Reached skill level 5 in Fighting
  2691 | D:4      | Found an opulent altar of Gozag.
  2695 | D:4      | Acquired Trog's third power
  2709 | D:4      | Found a glowing golden altar of the Shining One.
  2807 | D:5      | Entered Level 5 of the Dungeon
  2865 | D:5      | Reached skill level 7 in Axes
  2871 | D:5      | Noticed Blork the orc
  2894 | D:5      | Killed Blork the orc
  2894 | D:5      | Gained mutation: You have razor-sharp teeth. [vine stalker growth]
  2894 | D:5      | Reached XP level 8. HP: 27/43 MP: 11/11
  3334 | D:5      | Found a sparkling altar of Nemelex Xobeh.
  3340 | D:5      | Received a gift from Trog
  3485 | D:5      | Found a shimmering altar of Xom.
  3530 | D:5      | Reached skill level 8 in Axes
  4258 | D:6      | Found a burning altar of Makhleb.
  4393 | D:6      | Found a blossoming altar of Fedhas.
  4424 | D:6      | Reached XP level 9. HP: 48/48 MP: 12/12
  4442 | D:6      | Reached skill level 9 in Axes
  5012 | D:6      | Found a sacrificial altar of Ru.
  5203 | D:7      | Found a sand-covered staircase.
  5217 | Ossuary  | Entered an ossuary
  5521 | D:7      | Found a snail-covered altar of Cheibriados.
  6117 | D:7      | Reached skill level 10 in Axes
  6898 | D:8      | Found a basalt altar of Yredelemnul.
  7412 | D:8      | Reached XP level 10. HP: 53/53 MP: 13/13
  7830 | D:9      | Received a gift from Trog
  7939 | D:9      | Noticed Gastronok
  7950 | D:9      | Killed Gastronok
  7950 | D:9      | Reached skill level 1 in Throwing
  8009 | D:9      | Found Vanalon's Assorted Antiques.
  8051 | D:9      | Bought an amethyst potion for 24 gold pieces
  8051 | D:9      | Bought a scroll of identify for 54 gold pieces
  8051 | D:9      | Bought a scroll of identify for 54 gold pieces
  8280 | D:10     | Entered Level 10 of the Dungeon
  8350 | D:10     | Found a staircase to the Orcish Mines.
  8356 | D:10     | Found a roughly hewn altar of Beogh.
  8363 | D:10     | Reached skill level 11 in Axes
  8642 | D:10     | Noticed a phantasmal warrior
  8651 | D:10     | Killed a phantasmal warrior
  8753 | D:10     | Found a staircase to the Lair.
  8797 | D:10     | Noticed an elephant
  8806 | D:10     | Killed an elephant
  8806 | D:10     | Reached XP level 11. HP: 45/59 MP: 15/15
  8823 | D:10     | Reached skill level 5 in Armour
  8968 | D:10     | Noticed Joseph
  8977 | D:10     | Killed Joseph
  8983 | D:10     | Killed an unseen horror
  9176 | Lair:1   | Entered Level 1 of the Lair of Beasts
  9519 | Lair:1   | Received a gift from Trog
  9627 | Lair:2   | Reached skill level 12 in Axes
  9814 | Lair:2   | Got a transparent plate armour
  9826 | Lair:2   | Identified the cursed -1 plate armour of Ethics {rC+} (You found it on level 2 of the Lair of Beasts)
 10085 | Lair:2   | Reached skill level 5 in Dodging
 10143 | Lair:2   | Received a gift from Trog
 10281 | Lair:2   | Gained mutation: You regenerate. [vine stalker growth]
 10281 | Lair:2   | Reached XP level 12. HP: 63/65 MP: 16/16
 10705 | Lair:3   | Reached skill level 13 in Axes
 10937 | Lair:3   | Received a gift from Trog
 11676 | Lair:4   | Noticed Snorg
 11880 | Lair:4   | Found a hole to the Spider Nest.
 12246 | Lair:4   | HP: 2/100 [Snorg (9)]
 12246 | Lair:4   | Mangled by Snorg

Action                   |  1- 3 |  4- 6 |  7- 9 | 10-12 || total
-------------------------+-------+-------+-------+-------++-------
Melee: Hand axe          |   116 |   153 |   519 |   410 ||  1198
       Battleaxe         |       |       |       |   242 ||   242
Throw: Javelin           |       |       |     2 |     1 ||     3
       Throwing net      |       |       |       |     1 ||     1
Invok: Berserk           |       |     2 |     3 |     7 ||    12
       Trog's Hand       |       |     2 |     1 |     1 ||     4
       Brothers in Arms  |       |       |       |     5 ||     5
  Use: Scroll            |     4 |       |     3 |    15 ||    22
 Stab: Held in net/web   |       |       |       |     1 ||     1
  Eat: Chunk             |     2 |     5 |    12 |    13 ||    32
       Meat ration       |       |       |     1 |     2 ||     3
       Pizza             |       |       |     1 |       ||     1
       Beef jerky        |       |       |       |     2 ||     2
